 Dungeon Crawl Stone Soup version 0.17-a0-1731-g129c023 (console) character file.

84 rchandra the Conjurer (level 4, -3/27 HPs)
             Began as an Octopode Conjurer on Aug 29, 2015.
             Was an Initiate of Fedhas.
             Slain by a gnoll
             ... wielding a +0 spear
              (8 damage)
             ... on level 3 of the Dungeon.
             The game lasted 00:05:02 (2377 turns).

rchandra the Conjurer (Octopode Conjurer)           Turns: 2377, Time: 00:05:02

Health: -3/27      AC:  1    Str:  7    XL:     4   Next: 45%
Magic:  7/8        EV: 12    Int: 18    God:    Fedhas [......]
Gold:   115        SH:  0    Dex: 12    Spells: 3 memorised, 3 levels left

rFire  . . .     SeeInvis .     (no weapon)
rCold  . . .     Clarity  .     (no shield)
rNeg   . . .     SustAt   .     (helmet restricted)
rPois  .         Gourm    .     (no amulet)
rElec  .         Spirit   .     (no ring)
rCorr  .         Warding  .     (no ring)
rMut   .         Stasis   .     (no ring)
MR     .....                    (no ring)
Stlth  +++.......               (no ring)
                                (no ring)
                                (no ring)
                                (no ring)

@: not resistant to hostile enchantments, fairly stealthy
A: almost no armour, amphibious, 8 rings, constrict 8, camouflage 1, gelatinous
body 1
a: Renounce Religion


You were on level 3 of the Dungeon.
You worshipped Fedhas.
Fedhas was noncommittal.
You were not hungry.

You visited 1 branch of the dungeon, and saw 3 of its levels.

You collected 115 gold pieces.

Inventory:

Magical devices
 g - a wand of digging (13)
 n - a wand of enslavement (14)
Scrolls
 d - a scroll of fear {unknown}
 e - 3 scrolls of identify {unknown}
 f - a scroll of remove curse {unknown}
Potions
 c - a potion of brilliance {unknown}
 i - a potion of agility {unknown}
 j - 2 potions of poison {unknown}
 l - a potion of mutation {unknown}
Books
 a - a book of Conjurations

   Spells                             Type                      Level
   a - Magic Dart                     Conjuration                  1
   b - Searing Ray                    Conjuration                  2
   c - Dazzling Spray                 Conjuration/Hexes            3
   d - Fulminant Prism                Conjuration/Hexes            4
   e - Iskenderun's Mystic Blast      Conjuration                  4
   f - Iskenderun's Battlesphere      Conjuration/Charms           5
Comestibles
 b - 2 bread rations
 h - 2 slices of pizza
 k - 3 fruits {!e}


   Skills:
 - Level 2.1 Dodging
 - Level 2.6 Stealth
 + Level 3.1 Spellcasting
 + Level 4.7 Conjurations
 + Level 1.2 Hexes


You had 3 spell levels left.
You knew the following spells:

 Your Spells              Type           Power        Failure   Level  Hunger
k - Searing Ray           Conj           ###...       3%          2    ##.....
u - Dazzling Spray        Conj/Hex       ##......     17%         3    ###....
y - Magic Dart            Conj           ###.         1%          1    None


Dungeon Overview and Level Annotations

Branches:
Dungeon (3/15)

Altars:
Fedhas
Yredelemnul


Innate Abilities, Weirdness & Mutations

You cannot wear most types of armour.
You are amphibious.
You can wear up to eight rings at the same time.
You can use your tentacles to constrict eight enemies at once.
Your skin changes colour to match your surroundings (Stealth).
Your rubbery body absorbs attacks (AC +1).


Message History

Confirm with . or Enter, or press ? or * to list all spells.
Aiming: Magic Dart
Press: ? - help, Shift-Dir - straight line, f - gnoll
Aim: a gnoll, wielding a whip (resting)
The magic dart hits the gnoll.
The gnoll is moderately wounded.
The gnoll shouts! x2
A gnoll comes into view.
You now have 6/8 mp.
A gnoll comes into view. It is wielding a club.
MP restored: 8
There is a stone staircase leading up here.
Casting: Magic Dart
Confirm with . or Enter, or press ? or * to list all spells.
Aiming: Dazzling Spray
Press: ? - help, Shift-Dir - straight line, f/p - gnoll
Aim: a gnoll, wielding a whip (lightly wounded)
Okay, then.
Press: ? - help, v - describe, . - travel
Here: a gnoll, wielding a spear The floor.
Casting: Dazzling Spray
Confirm with . or Enter, or press ? or * to list all spells.
Aiming: Magic Dart
Press: ? - help, Shift-Dir - straight line, f/p - gnoll
Aim: a gnoll, wielding a whip (lightly wounded)
The magic dart hits the gnoll.
The gnoll is lightly wounded.
You now have 7/8 mp.
You tentacle-slap the gnoll. You grab the gnoll.
The gnoll is moderately wounded.
You constrict the gnoll, but do no damage.
The gnoll closely misses you. The gnoll barely misses you.
You tentacle-slap the gnoll but do no damage.
The gnoll is moderately wounded.
You constrict the gnoll. The gnoll closely misses you. The gnoll misses you.
You tentacle-slap the gnoll.
The gnoll is heavily wounded.
You constrict the gnoll. The gnoll hits you with a whip!
The gnoll hits you from afar with a spear.
You take 13 damage, and have 14/27 hp.
MASSIVE DAMAGE!!
You tentacle-slap the gnoll but do no damage.
You squeeze the gnoll.
The gnoll is severely wounded.
You constrict the gnoll, but do no damage.
The gnoll hits you with a whip!
* * * LOW HITPOINT WARNING * * *
The gnoll hits you from afar with a spear!
You die...
Fedhas appreciates your contribution to the ecosystem.

#... #...## ####
#..... ##..###
#.....#######
#.&..#.
...#.......##
#......
#.........####..[...
#..........#........
#..xgg..............
#...................
#..)........##......
#..........###......
#..........# #......
#...&......###..###.
#.......&..##....##.
#########........[..
#.....##......


You could see 2 gnolls.

Vanquished Creatures
  3 adders (D:2 D:3)
  A gnoll (D:1)
  2 worms (D:2)
  A giant gecko (D:2)
  3 giant cockroaches (D:2)
  4 goblins (D:1)
  3 hobgoblins (D:1 D:2)
  7 jackals (D:1 D:3)
  4 quokkas (D:2)
  A ball python (D:1)
  2 bats (D:3)
  3 giant newts (D:1 D:2)
  2 kobolds (D:1 D:2)
  5 rats (D:2 D:3)
41 creatures vanquished.

Vanquished Creatures (others)
  9 toadstools (D:2 D:3)
9 creatures vanquished.

Grand Total: 50 creatures vanquished

Notes
Turn   | Place    | Note
--------------------------------------------------------------
     0 | D:1      | rchandra the Octopode Conjurer began the quest for the Orb.
     0 | D:1      | Reached XP level 1. HP: 11/11 MP: 3/3
   437 | D:1      | Reached XP level 2. HP: 17/17 MP: 3/5
   524 | D:1      | Learned a level 2 spell: Searing Ray
  1041 | D:1      | Reached XP level 3. HP: 21/21 MP: 3/6
  1234 | D:2      | Found a basalt altar of Yredelemnul.
  1315 | D:2      | Found a blossoming altar of Fedhas.
  1331 | D:2      | Became a worshipper of Fedhas Madash
  1527 | D:2      | Learned a level 3 spell: Dazzling Spray
  1775 | D:2      | Reached skill level 1 in Hexes
  1775 | D:2      | Reached XP level 4. HP: 27/27 MP: 3/8
  2136 | D:3      | Reached skill level 3 in Spellcasting
  2377 | D:3      | Slain by a gnoll

Vault maps used:
D:1:      dpeg_arrival_boxes_within_box
D:2:      yredelemnul_altar_generic, lemuel_crystal_altar
D:3:      minmay_cupped

Action                   |  1- 3 |  4- 6 || total
-------------------------+-------+-------++-------
Melee: Unarmed           |    33 |     6 ||    39
 Cast: Magic Dart        |    47 |    24 ||    71
       Searing Ray       |     3 |     1 ||     4
 Stab: Sleeping          |       |     1 ||     1
  Eat: Chunk             |     3 |     2 ||     5

Vault maps used:
D:1:      dpeg_arrival_boxes_within_box
D:2:      yredelemnul_altar_generic, lemuel_crystal_altar
D:3:      minmay_cupped
